 Dungeon Crawl Stone Soup version 0.29-a0-234-g0dae59b3db (webtiles) character file.

Game seed: 108432782815679305

2097 spaghetti the Archer (level 9, 0/68 HPs)
             Began as a Barachi Hunter on Mar 2, 2022.
             Was a Believer of Qazlal.
             Slain by a cyclops (24 damage)
             ... on level 7 of the Dungeon.
             The game lasted 00:08:33 (6856 turns).

spaghetti the Archer (Barachi Hunter)               Turns: 6856, Time: 00:08:34

Health: 0/68       AC: 22    Str: 21    XL:     9   Next: 28%
Magic:  9/9        EV:  8    Int: 14    God:    Qazlal [**....]
Gold:   362        SH:  3    Dex: 13    Spells: 8/8 levels left

rFire   . . .      SeeInvis .   b - +0 quarterstaff {staff}
rCold   . . .      Faith    .   (shield currently unavailable)
rNeg    . . .      Spirit   .   y - +6 chain mail "Mumpach" {Will+}
rPois   .          Reflect  .   m - +1 helmet
rElec   .          Harm     .   (no cloak)
rCorr   .          Rampage  .   (no gloves)
Will    +....                   (no boots)
Stlth   ..........              (no amulet)
HPRegen 0.21/turn               A - +4 ring of protection
MPRegen 0.11/turn               l - +6 ring of strength

@: mighty, slow
A: amphibious, slowness 1, strong legs 1, +LOS, iridescent scales 1, robust 1
a: Hop, Renounce Religion, Upheaval


You were on level 7 of the Dungeon.
You worshipped Qazlal.
Qazlal was pleased with you.
You visited 1 branch of the dungeon, and saw 7 of its levels.
You also visited: Sewer.

You collected 362 gold pieces.


Innate Abilities, Weirdness & Mutations

You are amphibious.
You cover ground slowly.
You can hop short distances.
You have an extended range of vision and can be seen from far away.
You are partially covered in iridescent scales. (AC +2)
You are robust. (+10% HP)


   Skills:
 - Level 2.4 Fighting
 + Level 12.5 Bows
 - Level 2.1 Dodging
 - Level 0.8 Stealth


You had 8 spell levels left.
You didn't know any spells.
Your spell library contained the following spells:

 Spells                   Type           Power      Damage    Failure   Level
 Freeze                   Ice            0%         1d3       97%         1
 Sting                    Tmut/Pois      0%         1d3       97%         1
 Corpse Rot               Necr/Air       0%         N/A       99%         2
 Poisonous Vapours        Pois/Air       0%         N/A       99%         2
 Frozen Ramparts          Ice            0%         1d2       100%        3
 Hailstorm                Conj/Ice       0%         3d3       100%        4
 Olgreb's Toxic Radiance  Pois           0%         N/A       100%        4

Inventory:

Hand Weapons
 a - a +1 shortbow {bow}
 b - a +0 quarterstaff (weapon) {staff}
   (You found it on level 2 of the Dungeon)
 h - a +2 flail of protection {mace}
   (You took it off a gnoll on level 6 of the Dungeon)
 i - a +0 flail of holy wrath {mace}
   (You took it off a gnoll on level 6 of the Dungeon)
 F - a +2 whip of freezing {mace}
   (You took it off Pikel on level 7 of the Dungeon)
Missiles
 c - 318 stones {throwing}
 e - a throwing net {=f!fthrowing}
 s - 2 javelins {throwing}
 v - 9 poisoned darts {throwing}
Armour
 m - a +1 helmet (worn)
   (You found it on level 2 of the Dungeon)
 o - the +3 leather armour of the King of Swords {Contam Regen+ Dex+3}
   (You found it on level 4 of the Dungeon)

   Dex:       It affects your dexterity (+3).
   Contam:    It causes magical contamination when unequipped.
   Regen:     It increases your rate of health regeneration.
 r - a +0 leather armour
 y - the +6 chain mail "Mumpach" (worn) {Will+}
   (You found it on level 5 of the Dungeon)

   Will:      It increases your willpower.
Jewellery
 l - a +6 ring of strength (right hand)
   (You took it off a centaur on level 6 of the Dungeon)
 A - a +4 ring of protection (left hand)
   (You found it on level 5 of the Dungeon)
Wands
 t - a wand of paralysis (17)
   (You found it on level 4 of the Dungeon)
 z - a wand of flame (25)
   (You found it on level 5 of the Dungeon)
Scrolls
 d - a scroll of blinking {!r}
 f - a scroll of vulnerability {!r!r}
 k - a scroll of holy word
 n - 3 scrolls of teleportation {@r4}
 q - 2 scrolls of noise {!r}
 w - a scroll of enchant armour
 B - a scroll of identify {@r1}
 D - a scroll of fear {unknown}
 E - a scroll of magic mapping {!r}
Potions
 g - a potion of heal wounds {@q2}
 j - 2 potions of attraction {!q}
 u - a potion of brilliance
 x - 2 potions of invisibility {unknown}
 C - 2 potions of haste {unknown}

Dungeon Overview and Level Annotations

Branches:
Dungeon (7/15)              Sewer (visited)
 Temple: D:4-7

Altars:
Qazlal
The Shining One

Shops:
D:7

: ..# #.# ##.# #
...... # #
#..#.# .# #.
#..#.##.###
####.##..#.....>
...)...°C...# #
#. #..@o..#.#
#.# ##.......#
#.# #.###.#.####
##.###### #.
#.......#
#........ #.#
#####.###
#..######
###.#### ##'##
#..# # ......#
##...## #..####
# #.##.#
##>....##
#.....# # #..#.#
##.......##
#..##.# #


You could see a cyclops and an orc wizard.


Message History

With Pikel's spell broken, his former minions thank you for their freedom.
The lemure departs this earthly plane. x4
Your Bows skill increases to level 12!
You have reached level 9!
Your experience leads to an increase in your attributes!
Your base attributes are Str 13, Int 14, Dex 13.
Increase (S)trength, (I)ntelligence, or (D)exterity?
You feel stronger. x2 😮 HP[+5] MP[+1]
You now have 68 max hp (+6).
You regained 5 hp, and now have 51/68 hp.
Your mp is fully restored (9).
F - a +2 whip of freezing {mace}
There is an open door, spattered with blood here.
Things that are here:
a +0 robe; the kobold corpse of Pikel You feel a little less mighty now.
Key pressed, stopping explore.
You now have 362 gold pieces (gained 13).
You open the door.
Key pressed, stopping explore.
There is an open door here.
An orc and an orc wizard come into view.
The orc shouts! 😎 HP[+17]
Your hp is fully restored (68).
There are monsters nearby!
There are monsters nearby!
There are monsters nearby!
An orc wizard comes into view. It is wielding a +0 dagger.
The orc wizard gestures wildly while chanting.
The orc wizard flickers and vanishes!
Deactivating autopickup; reactivate with Ctrl-A.
Found an escape hatch in the floor.
You hit the orc wizard. You block the orc's attack.
A puff of flame appears from out of thin air!
The puff of flame hits you but does no damage.
The orc wizard points at you and mumbles some strange words.
The puff of flame hits you but does no damage.
A cyclops comes into view.
The orc barely misses you.
You hit the orc wizard.
A magic dart appears from out of thin air!
The magic dart hits you but does no damage.
The orc wizard closely misses you. The orc hits you but does no damage.
You miss the orc wizard.
The orc wizard hits you but does no damage.
The orc is engulfed in blazing flames.
You kill the orc!
Qazlal accepts your kill. The orc wizard barely misses you.
You hit the orc wizard.
The orc wizard hits you but does no damage.
A magic dart appears from out of thin air!
The magic dart hits you!
You hit the orc wizard but do no damage.
The orc wizard hits you but does no damage. 😕 HP[-7]
You take 7 damage, and now have 61/68 hp.
You barely miss the orc wizard. Something hits you but does no damage.
The orc wizard hits you but does no damage.
Something hits you but does no damage.
You closely miss the orc wizard.
The orc wizard hits you but does no damage.
Something hits you but does no damage.
The orc wizard hits you but does no damage.
You hit the orc wizard. Something hits you but does no damage.
The orc wizard barely misses you.
You hit the orc wizard but do no damage.
Something hits you but does no damage.
The orc wizard hits you but does no damage.
The cyclops throws a large rock. 😕 HP[+1]
You barely miss the orc wizard. Something hits you but does no damage.
The orc wizard hits you but does no damage. x2
You closely miss the orc wizard.
The orc wizard hits you but does no damage.
You barely miss the orc wizard. Qazlal accepts your kill.
Reactivating autopickup.
You feel a bit more experienced.
The orc wizard hits you but does no damage.
The cyclops hits you!! 😮 HP[-21]
You take 21 damage, and now have 41/68 hp.
MASSIVE DAMAGE!! (PAUSE)
You hit the orc wizard.
The orc wizard hits you but does no damage.
The cyclops hits you!
* * * LOW HITPOINT WARNING * * *
The orc wizard barely misses you. 😨 HP[-17]
You take 17 damage, and now have 24/68 hp.
MASSIVE DAMAGE!! (PAUSE) Unknown command.
You feel very mighty all of a sudden.
The orc wizard hits you but does no damage.
You sock the cyclops!
The cyclops is struck by lightning.
The cyclops hits you!!
You die...

Skill      XL: |  1  2  3  4  5  6  7  8 |
---------------+-------------------------+-----
Bows           | 5 6 7 8 9 12 | 12.5
Fighting       | |  2.4
Dodging        | |  2.1
Stealth        | |  0.8

Action                   |  1- 3 |  4- 6 |  7- 9 || total
-------------------------+-------+-------+-------++-------
Melee: Unarmed           |     7 |       |       ||     7
       Quarterstaff      |       |    11 |    31 ||    42
 Fire: Shortbow          |    84 |   150 |   179 ||   413
 Abil: Hop               |       |     4 |     2 ||     6
  Use: Potion            |       |     6 |     2 ||     8
       Scroll            |       |     1 |    13 ||    14
Armor: Leather armour    |     6 |    31 |     3 ||    40
       Chain mail        |       |       |   110 ||   110
Dodge: Dodged            |    23 |    55 |    43 ||   121
Block: Other             |       |     6 |    17 ||    23

Levels and vault maps discovered:
D:1:      dpeg_arrival_tiny_j, layout_loops_ring
D:2:      layout_loops_corners, hellmonk_ecumenical_altar_pennies_from_heaven,
          kennysheep_path_1, minivault_4, kennysheep_jessica_study
D:3:      layout_loops_ring, mainiacjoe_overflow_tiny_flanked
D:4:      layout_layer_cave
D:5:      layout_cave_pools, nicolae_tso_besieged_by_evil, minmay_fountain_box,
          minivault_19, kennysheep_generic_room_7
D:6:      layout_gridville, portal_sewer_entry_e
D:7:      layout_loops_corners, temple_doors_ab, serial_shops, shop,
          ebering_dispersal_statue_hall, chequers_serial_rivers_micro_b,
          uniq_harold, uniq_pikel

Notes
Turn   | Place    | Note
-------+----------+-------------------------------------------
     0 | D:1      | spaghetti the Barachi Hunter began the quest for the Orb.
     0 | D:1      | Reached XP level 1. HP: 17/17 MP: 1/1
     0 | D:1      | magus.rc [v1.9.6]
   194 | D:1      | Reached XP level 2. HP: 23/23 MP: 2/2
   833 | D:2      | Reached XP level 3. HP: 28/28 MP: 3/3
   862 | D:2      | Reached skill level 5 in Bows
  1113 | D:2      | Found a faded altar of an unknown god.
  1146 | D:2      | Prayed at the altar of an unknown god.
  1146 | D:2      | Became a worshipper of Qazlal Stormbringer
  1146 | D:2      | Reached * piety under Qazlal
  1580 | D:2      | Noticed Jessica
  1587 | D:2      | Killed Jessica
  1588 | D:2      | Reached XP level 4. HP: 32/34 MP: 4/4
  1829 | D:2      | Reached skill level 6 in Bows
  1835 | D:2      | HP: 8/34 [gnoll/+0 flail (9)]
  2221 | D:3      | Reached XP level 5. HP: 39/39 MP: 5/5
  2323 | D:3      | Gained mutation: You have an increased reservoir of magic.
                  | (+10% MP) [potion of mutation]
  2323 | D:3      | Gained mutation: You are partially covered in iridescent
                  | scales. (AC +2) [potion of mutation]
  2323 | D:3      | Gained mutation: You are robust. (+10% HP) [potion of
                  | mutation]
  2326 | D:3      | HP: 6/42 [gnoll/+0 spear (6)]
  2783 | D:3      | You fall into a shaft and drop 1 floor!
  3221 | D:4      | Reached skill level 7 in Bows
  3221 | D:4      | Reached XP level 6. HP: 48/50 MP: 6/6
  3313 | D:4      | Reached ** piety under Qazlal
  3327 | D:4      | You add the spells Sting, Poisonous Vapours and Olgreb's
                  | Toxic Radiance to your library.
  3335 | D:4      | Identified the +3 leather armour of the King of Swords
                  | {Contam Regen+ Dex+3}
  3382 | D:4      | You pick up a book of Vapours and begin reading...
  4048 | D:5      | Entered Level 5 of the Dungeon
  4218 | D:5      | Reached skill level 8 in Bows
  4252 | D:5      | Noticed a black bear
  4270 | D:5      | Killed a black bear
  4271 | D:5      | Reached XP level 7. HP: 47/56 MP: 7/7
  4432 | D:5      | Found a glowing golden altar of the Shining One.
  4476 | D:5      | You pick up a book of Frost and begin reading...
  4476 | D:5      | You add the spells Freeze, Frozen Ramparts and Hailstorm to
                  | your library.
  4532 | D:5      | Reached skill level 9 in Bows
  4751 | D:5      | Identified the +6 chain mail "Mumpach" {Will+}
  4758 | D:5      | Lost mutation: You have an increased reservoir of magic.
                  | (+10% MP) [mutagenic glow]
  4934 | D:6      | Reached XP level 8. HP: 50/62 MP: 8/8
  5004 | D:6      | Reached skill level 10 in Bows
  5145 | D:6      | Found a glowing drain.
  5153 | Sewer    | Entered a sewer
  5802 | D:6      | Reached skill level 11 in Bows
  5804 | D:6      | Reached *** piety under Qazlal
  6625 | D:7      | Found Waitsy's Book Shop.
  6728 | D:7      | Noticed Pikel
  6743 | D:7      | Killed Pikel
  6744 | D:7      | Reached skill level 12 in Bows
  6744 | D:7      | Reached XP level 9. HP: 51/68 MP: 9/9
  6842 | D:7      | Noticed a cyclops
  6856 | D:7      | Slain by a cyclops

Vanquished Creatures
  Pikel (D:7)
  3 water moccasins
  An ice beast (D:6)
  A black bear (D:5)
  2 centaurs (D:6)
  2 phantoms (D:5)
  2 scorpions (D:5)
  A crimson imp (D:5)
  A jelly (D:6)
  An orc priest (D:5)
  2 gnoll shamans (D:6)
  3 hounds
  Jessica (D:2)
  4 iguanas
  3 orc wizards
  14 gnolls
  4 adders
  A river rat (D:6)
  2 shadow imps
  5 dart slugs
  7 orcs
  7 ball pythons
  3 bats
  4 endoplasms
  3 giant cockroaches
  3 goblins
  4 hobgoblins
  6 jackals
  2 quokkas
  3 frilled lizards
  A goblin zombie (D:5)
  A hobgoblin zombie (D:5)
  5 kobolds
  A kobold skeleton (D:5)
  3 orc skeletons (D:5)
  An orc zombie (D:5)
  7 rats
115 creatures vanquished.

Table legend:
 A = Non-vault XP
 B = Vault XP
 C = Vault XP percentage of total XP
 D = Non-vault monster count
 E = Vault monster count
 F = Vault count percentage of total count
                 A         B        C        D         E       F
            +---------+---------+-------+---------+---------+-------
      Total |    2040 |     957 |  31.9 |      94 |      21 |  18.3
            +---------+---------+-------+---------+---------+-------
        D:1 |      25 |       0 |   0.0 |      15 |       0 |   0.0
        D:2 |      95 |      39 |  29.1 |      18 |       2 |  10.0
        D:3 |      51 |       0 |   0.0 |       7 |       0 |   0.0
        D:4 |     188 |       0 |   0.0 |      18 |       0 |   0.0
        D:5 |     679 |      55 |   7.5 |      13 |       8 |  38.1
        D:6 |     992 |      23 |   2.3 |      21 |       8 |  27.6
        D:7 |      10 |     685 |  98.6 |       2 |       1 |  33.3
      Sewer |       0 |     155 | 100.0 |       0 |       2 | 100.0
            +---------+---------+-------+---------+---------+-------

Illustrated notes

Table legend:
 A = Kills in this place as a percentage of kills in entire the game.
 B = Kills by you in this place as a percentage of kills by you in the entire game.
 C = Kills by friends in this place as a percentage of kills by friends in the entire game.
 D = Other kills in this place as a percentage of other kills in the entire game.
 E = Experience gained in this place as a percentage of experience gained in the entire game.
 F = Experience gained in this place divided by the number of levels of this place that you have seen.
                   A       B       C       D       E      F
               +-------+-------+-------+-------+-------+----------------------
         Total | 100.0 | 100.0 |   N/A |   N/A | 100.0 | 374.6
       Dungeon |  98.3 |  98.3 |   N/A |   N/A |  94.8 | 406.0
         Sewer |   1.7 |   1.7 |   N/A |   N/A |   5.2 | 155.0
               +-------+-------+-------+-------+-------+----------------------

Table legend: (Time is in decaauts)
 A = Elapsed time spent in this place.
 B = Non-inter-level travel time spent in this place.
 C = Inter-level travel time spent in this place.
 D = Time resting spent in this place.
 E = Time spent auto-exploring this place.
 F = Levels seen in this place.
 G = Mean time per level.
                   A        B        C        D        E       F      G
               +--------+--------+--------+--------+--------+-----+--------+
         Total |   7826 |   7593 |    233 |   1027 |   5630 |   8 |  978.2 |
       Dungeon |   7523 |   7290 |    233 |    879 |   5528 |   7 | 1074.7 |
         Sewer |    303 |    303 |      0 |    148 |    102 |   1 |  303.0 |
               +--------+--------+--------+--------+--------+-----+--------+

Top non-repeatable levels by time:
     D:2: 1621 daAuts
     D:6: 1574 daAuts
     D:4: 1469 daAuts
     D:5: 969 daAuts
     D:1: 910 daAuts
     D:3: 661 daAuts
     D:7: 316 daAuts
   Sewer: 303 daAuts
